 Dungeon Crawl Stone Soup version 0.21-a0-72-gbbb65ab (webtiles) character file.

19549 grindst0ne the Protected (level 13, 0/103 HPs)
             Began as a Formicid Fighter on June 20, 2017.
             Was an Initiate of Gozag.
             Slain by a jumping spider (1 damage)
             ... on level 2 of the Lair of Beasts.
             The game lasted 00:33:57 (16323 turns).

grindst0ne the Protected (Formicid Fighter)        Turns: 16323, Time: 00:33:58

Health: 0/103      AC: 11    Str: 25    XL:     13   Next: 5%
Magic:  28/28      EV:  5    Int:  8    God:    Gozag
Gold:   812        SH:  0    Dex: 14    Spells: 12/12 levels left

rFire    + + .     SeeInvis +   f - +10 battleaxe of Moderation {pain, rElec rC+ rN+ Str+3}
rCold    + + .     Gourm    .   z - +2 shield
rNeg     + . .     Faith    .   b - +0 scale mail
rPois    .         Spirit   .   (helmet unavailable)
rElec    +         Reflect  .   s - scarf {rC+ rF+}
rCorr    .         Harm     .   (no gloves)
MR       ++...                  h - +0 pair of boots
Stlth    ..........             (no amulet)
HPRegen  0.27/turn              e - ring of Megalomania {MR+ MP+9}
MPRegen  0.21/turn              Q - ring of protection from fire

@: gold aura, held
A: permanent stasis, dig shafts and tunnels, four strong arms, antennae 3
a: Dig, Shaft Self, Potion Petition, Call Merchant, Bribe Branch, Renounce
Religion


You were on level 2 of the Lair of Beasts.
You worshipped Gozag.
Gozag was pleased with you.
You were not hungry.

You visited 3 branches of the dungeon, and saw 14 of its levels.
You also visited: Sewer.

You collected 2880 gold pieces.
You spent 663 gold pieces at shops.
You paid 1405 gold pieces to Gozag.

Inventory:

Hand Weapons
 d - a +0 broad axe
 f - the +10 battleaxe of Moderation (weapon) {pain, rElec rC+ rN+ Str+3}
   (You bought it in a shop on level 9 of the Dungeon)

   In the hands of one skilled in necromantic magic, it inflicts extra damage on
   living creatures.
   It affects your strength (+3).
   It protects you from cold.
   It insulates you from electricity.
   It protects you from negative energy.
 i - the +6 short sword "Unodacaq" {venom, Dex+7}
   (You found it in a sewer)

   It poisons the flesh of those it strikes.
   It affects your dexterity (+7).
Missiles
 C - 2 throwing nets (quivered)
Armour
 b - a +0 scale mail (worn)
 h - a +0 pair of boots (worn)
 s - a scarf of resistance (worn)
 z - a +2 shield (worn)
Jewellery
 e - the ring of Megalomania (left hand) {MR+ MP+9}
   (You found it in a sewer)

   [ring of protection from magic]

   It affects your resistance to hostile enchantments.
   It affects your magic capacity (+9).
 B - an uncursed ring of protection from cold
 H - an uncursed ring of protection from magic
 Q - a ring of protection from fire (right hand)
 T - an uncursed ring of ice
Wands
 x - a wand of polymorph (6/24)
 y - a wand of acid (6/15)
 R - a wand of polymorph (11/24)
 S - a wand of flame (32/48)
Scrolls
 a - 3 scrolls of fear
 g - 2 scrolls of recharging {unknown}
 j - 7 scrolls of remove curse {unknown}
 p - 3 scrolls of silence {unknown}
 q - 9 scrolls of teleportation {unknown}
 r - 3 scrolls of amnesia {unknown}
 v - a scroll of blinking {unknown}
 E - 2 scrolls of enchant armour {unknown}
 F - 2 scrolls of fog {unknown}
 G - a scroll of noise {unknown}
 L - a scroll of identify
 U - a scroll of vulnerability {unknown}
 V - a scroll of magic mapping
Potions
 k - 3 potions of mutation
 l - 3 potions of curing
 m - 3 potions of degeneration
 u - 5 potions of flight
 A - 2 potions of agility
 D - a potion of lignification
 I - 4 potions of resistance
 J - a potion of magic
 M - 3 potions of ambrosia {unknown}
 N - a potion of cancellation {unknown}
 P - a potion of brilliance {unknown}
Books
 c - a book of Battle

   Spells                             Type                      Level
   a - Infusion                       Charms                       1
   b - Shroud of Golubria             Charms/Translocation         2
   c - Song of Slaying                Charms                       2
   d - Spectral Weapon                Hexes/Charms                 3
   e - Regeneration                   Charms/Necromancy            3
 w - a book of Frost

   Spells                             Type                      Level
   a - Freeze                         Ice                          1
   b - Throw Frost                    Conjuration/Ice              2
   c - Ozocubu's Armour               Charms/Ice                   3
   d - Throw Icicle                   Conjuration/Ice              4
   e - Summon Ice Beast               Ice/Summoning                4
 K - a book of Necromancy

   Spells                             Type                      Level
   a - Pain                           Necromancy                   1
   b - Animate Skeleton               Necromancy                   1
   c - Vampiric Draining              Necromancy                   3
   d - Regeneration                   Charms/Necromancy            3
   e - Animate Dead                   Necromancy                   4
   f - Control Undead                 Necromancy                   4
Comestibles
 n - 10 fruits
 o - 5 meat rations
 t - 13 royal jellies
 O - 2 bread rations


   Skills:
 - Level 10.0 Fighting
 + Level 8.8 Axes
 + Level 14.8 Armour
 - Level 8.3 Shields
 - Level 8.0 Evocations


You had 12 spell levels left.
You didn't know any spells.

Dungeon Overview and Level Annotations

Branches:
Dungeon (11/15)            Temple (1/1) D:4            Lair (2/6) D:9
    Orc (0/2) D:10
  Swamp: Lair:2-4    Shoals: Lair:2-4     Snake: Lair:2-4    Spider: Lair:2-4

Altars:
Ashenzari
Cheibriados
Dithmenos
Elyvilon
Fedhas
Gozag
Hepliaklqana
Kikubaaqudgha
Makhleb
Nemelex Xobeh
Okawaru
Qazlal
Ru
Sif Muna
Trog
Uskayaw
Vehumet
Wu Jian
Xom
Yredelemnul
Zin
The Shining One
Beogh

Shops:
D:4 %   D:9 (   Lair:1 [


Innate Abilities, Weirdness & Mutations

You cannot be hasted, slowed, berserked, paralysed or teleported.
You can dig through walls and to a lower floor.
Your four strong arms can wield two-handed weapons with a shield.
You have a pair of large antennae on your head. (SInv)


Message History

You block the jumping spider's attack. x2
You hit the jumping spider.
The jumping spider is severely wounded.
You block the jumping spider's attack. x2; The jumping spider pounces on you!
* * * LOW HITPOINT WARNING * * *
The jumping spider bites you.
* * * LOW HITPOINT WARNING * * *
You barely miss the jumping spider.
The jumping spider is severely wounded.
You block the jumping spider's attack. The jumping spider barely misses you.
The jumping spider pounces on you.
* * * LOW HITPOINT WARNING * * *
The jumping spider bites you but does no damage.
You hit the jumping spider.
The jumping spider is almost dead.
You block the jumping spider's attack. x2; The jumping spider pounces on you!
* * * LOW HITPOINT WARNING * * *
You are caught in a web!
The jumping spider bites you.
You die...
Your body crumbles into a pile of gold.

##.
#.##...)###.........
# ..#
##..#.#..^......#
#...
##............###
#.. #...........##.#
#.## ##.........## #
#... #.........#
###..%# #.......#.##
#......##........#.#
$
#.P...#@.......#P###
#s##.....#### #.
##{{......#
##...##....#.##
#P.....ยง...###
#P..........#
##............#
#.............#
##.{............


You could see a jumping spider.

Vanquished Creatures
  Josephine (D:11)
  Fannar (D:10)
  A hydra (Lair:2)
  2 catoblepae
  A two-headed ogre (D:7)
  Sonja (D:11)
  A manticore (D:11)
  An ugly thing (D:11)
  A spiny frog (Lair:1)
  Psyche (D:11)
  2 komodo dragons
  A queen bee (D:9)
  2 trolls (D:10)
  Grinder (D:5)
  Prince Ribbit (D:6)
  2 hippogriffs
  2 redbacks (Lair:2)
  8 yaks (D:11)
  2 wyverns
  4 wraiths (D:11)
  A hungry ghost (D:8)
  The ghost of grindst0ne the Skirmisher, an amateur FoFi (D:3)
  3 water moccasins
  2 porcupines (Lair:1)
  An ice beast (D:5)
  3 sky beasts
  6 orc warriors
  2 black bears
  6 necrophages (D:9)
  6 ogres
  2 phantoms
  7 centaurs
  5 crocodiles
  A big kobold (D:10)
  11 bullfrogs
  A wyvern skeleton (D:10)
  A jelly (D:9)
  4 scorpions
  A water moccasin skeleton (D:11)
  28 killer bees
  3 electric eels (Lair:1)
  9 wights (D:11)
  2 howler monkeys
  5 crimson imps
  2 centaur zombies (D:9)
  A bullfrog zombie (D:5)
  A quasit (D:7)
  2 bullfrog skeletons
  2 centaur skeletons
  11 orc priests
  6 hounds
  Crazy Yiuf (D:6)
  14 orc wizards
  Jessica (D:2)
  3 iguanas
  6 worker ants
  2 killer bee zombies (D:8)
  2 mummies (D:9)
  A worker ant zombie (D:5)
  A howler monkey zombie (D:10)
  Robin (D:2)
  A howler monkey skeleton (D:9)
  11 adders
  A white imp (D:9)
  An ooze (D:5)
  3 adder skeletons
  4 worms
  3 dart slugs
  7 leopard geckos
  54 orcs
  A bat zombie (D:2)
  13 giant cockroaches
  9 goblins
  8 hobgoblins
  25 jackals
  2 quokkas
  8 ball pythons
  12 bats
  14 frilled lizards
  14 kobolds
  9 rats
  A fungus (Lair:1)
  A plant (Lair:2)
406 creatures vanquished.

Vanquished Creatures (others)
  2 fungi (Lair:1)
  3 plants (Lair:1)
5 creatures vanquished.

Grand Total: 411 creatures vanquished

Notes
Turn   | Place    | Note
-------+----------+-------------------------------------------
     0 | D:1      | grindst0ne the Formicid Fighter began the quest for the Orb.
     0 | D:1      | Reached XP level 1. HP: 18/18 MP: 1/1
    15 | D:1      | You fall through a shaft!
    69 | D:2      | Reached XP level 2. HP: 11/24 MP: 2/2
   353 | D:2      | Found an ancient bone altar of Kikubaaqudgha.
   488 | D:2      | Noticed Robin
   498 | D:2      | Reached XP level 3. HP: 23/30 MP: 3/3
   502 | D:2      | Killed Robin
   502 | D:2      | Reached skill level 4 in Armour
   724 | D:2      | Reached XP level 4. HP: 37/37 MP: 4/4
   949 | D:2      | Noticed Jessica
   984 | D:2      | HP: 1/37 [Jessica/nerve-wracking pain (8)]
   985 | D:2      | Killed Jessica
  1394 | D:2      | Reached XP level 5. HP: 42/42 MP: 5/5
  2381 | D:3      | Reached skill level 5 in Shields
  2603 | D:3      | Noticed grindst0ne's ghost (amateur FoFi)
  2686 | D:3      | Killed grindst0ne's ghost
  2686 | D:3      | Reached skill level 5 in Fighting
  2686 | D:3      | Reached skill level 5 in Armour
  2686 | D:3      | Reached XP level 6. HP: 34/51 MP: 6/6
  3087 | D:4      | Reached XP level 7. HP: 43/56 MP: 7/7
  3156 | D:4      | Found Vaddonoc's Food Shop.
  3200 | D:4      | HP: 2/56 [ogre/giant spiked club (23)]
  3762 | D:4      | Found a glowing silver altar of Zin.
  3765 | D:4      | Found a snail-covered altar of Cheibriados.
  3768 | D:4      | Found an ornate altar of the Wu Jian Council.
  4068 | D:4      | Found a shimmering altar of Xom.
  4140 | D:4      | Found a staircase to the Ecumenical Temple.
  4261 | Temple   | Entered the Ecumenical Temple
  4592 | Temple   | Became a worshipper of Gozag Ym Sagoz the Greedy
  4651 | D:5      | Entered Level 5 of the Dungeon
  4662 | D:5      | Reached skill level 6 in Armour
  4733 | D:5      | Found a glowing drain.
  4744 | Sewer    | Entered a sewer
  4932 | Sewer    | Reached XP level 8. HP: 64/64 MP: 8/8
  5021 | Sewer    | Got a smoking ivory ring
  5023 | Sewer    | Got an encrusted short sword
  5029 | Sewer    | Identified the +6 short sword "Unodacaq" {venom, Dex+7} (You found it in a sewer)
  5372 | D:5      | Noticed Grinder
  5423 | D:5      | Killed Grinder
  5483 | D:5      | Reached skill level 7 in Armour
  5894 | D:5      | Reached XP level 9. HP: 60/72 MP: 9/9
  6400 | D:6      | Found a runed door.
  6587 | D:6      | Noticed Prince Ribbit
  6601 | D:6      | Killed Prince Ribbit
  6601 | D:6      | Reached skill level 8 in Armour
  7112 | D:6      | Noticed Crazy Yiuf
  7118 | D:6      | Killed Crazy Yiuf
  7147 | D:6      | Identified the ring of Megalomania {MR+ MP+9} (You found it in a sewer)
  7253 | D:7      | Found a hazy altar of Hepliaklqana.
  7409 | D:7      | Noticed a two-headed ogre
  7466 | D:7      | Killed a two-headed ogre
  7466 | D:7      | Reached skill level 9 in Armour
  7466 | D:7      | Reached XP level 10. HP: 57/83 MP: 10/10
  7874 | D:7      | Found a white marble altar of Elyvilon.
  7998 | D:7      | Reached skill level 10 in Fighting
  7998 | D:7      | Reached skill level 10 in Armour
  8135 | D:8      | Reached skill level 1 in Evocations
  8433 | D:8      | You fall through a shaft for 2 floors!
  8433 | D:10     | Entered Level 10 of the Dungeon
  8433 | D:10     | Found a staircase to the Orcish Mines.
  8436 | D:10     | Found a roughly hewn altar of Beogh.
  9054 | D:8      | Reached skill level 11 in Armour
  9567 | D:4      | Bought a royal jelly for 28 gold pieces
  9567 | D:4      | Bought a meat ration for 70 gold pieces
  9567 | D:4      | Bought a meat ration for 70 gold pieces
  9567 | D:4      | Bought a meat ration for 70 gold pieces
  9675 | D:9      | Reached skill level 5 in Evocations
  9834 | D:9      | Reached XP level 11. HP: 85/88 MP: 15/15
 10477 | D:9      | Found a shadowy altar of Dithmenos.
 10478 | D:9      | Found a basalt altar of Yredelemnul.
 10479 | D:9      | Found a burning altar of Makhleb.
 10479 | D:9      | Found a glowing golden altar of the Shining One.
 10481 | D:9      | Found a deep blue altar of Sif Muna.
 10481 | D:9      | Found an iron altar of Okawaru.
 10490 | D:9      | Reached skill level 12 in Armour
 10944 | D:9      | Found a staircase to the Lair.
 11373 | D:9      | Bought a dazzling battleaxe for 425 gold pieces
 11374 | D:9      | Identified the +10 battleaxe of Moderation {pain, rElec rC+ rN+ Str+3} (You bought it in a shop on level 9 of the Dungeon)
 11378 | Lair:1   | Entered Level 1 of the Lair of Beasts
 11961 | Lair:1   | Noticed an eight-headed hydra
 12399 | D:10     | Noticed Fannar
 12414 | D:10     | Killed Fannar
 13084 | D:11     | Noticed a red ugly thing
 13092 | D:11     | Killed a red ugly thing
 13092 | D:11     | Reached skill level 5 in Axes
 13092 | D:11     | Reached skill level 13 in Armour
 13092 | D:11     | Reached XP level 12. HP: 75/97 MP: 18/18
 13382 | D:11     | Identified the cursed +1 war axe of Matesek {chop, rElec} (You found it on level 11 of the Dungeon)
 13418 | D:11     | Noticed a catoblepas
 13431 | D:11     | Killed a catoblepas
 13970 | D:11     | Noticed Josephine
 13990 | D:11     | Killed Josephine
 14183 | D:11     | Reached skill level 14 in Armour
 14408 | D:11     | Noticed Sonja
 14414 | D:11     | Killed Sonja
 14908 | D:11     | Noticed Psyche
 14917 | D:11     | Killed Psyche
 15361 | Lair:1   | Noticed a catoblepas
 15379 | Lair:1   | Killed a catoblepas
 15987 | Lair:2   | Noticed a five-headed hydra
 15994 | Lair:2   | Killed a five-headed hydra
 15994 | Lair:2   | Reached XP level 13. HP: 81/103 MP: 19/19
 16093 | Lair:2   | Found an iron altar of Okawaru.
 16323 | Lair:2   | HP: 1/103 [jumping spider (14)]
 16323 | Lair:2   | Slain by a jumping spider

Vault maps used:
D:1:      tarquinn_simple_flora_water_f, feat_on_display
D:2:      lemuel_zombie_altar_kikubaaqudgha, uniq_robin, uniq_jessica
D:4:      grunt_temple_overflow_diamond, old_standard_altar,
          minmay_temple_entry_hall, first_bread, serial_shops,
          nicolae_shop_crystal
D:5:      portal_sewer_entry_b, uniq_grinder
D:6:      uniq_crazy_yiuf_cottage, uniq_prince_ribbit1
D:7:      lemuel_doored_altar, kennysheep_mini_moat
D:9:      grunt_temple_overflow_open, lair_entry_dummy, serial_undead,
          serial_undead_f, serial_undead_f, serial_undead_c, serial_undead_b,
          david_nohive_1, minmay_fire_ice_demons
D:10:     minmay_orc_entry_temple_small, uniq_fannar
D:11:     uniq_psyche, uniq_sonja, uniq_josephine
Temple:   compressed_dpeg_triangle_lava_temple
Lair:1:   serial_bayou_shore_a
Lair:2:   nicolae_spider_entry_tight_spaces, basic_altar, minivault_23,
          grunt_megastairs_1
Sewer:    sewer_frog_island_01

Skill      XL: |  1  2  3  4  5  6  7  8  9 10 11 12 |
---------------+-------------------------------------+-----
Armour         | 4 5 6 7 9 11 13 14 | 14.8
Shields        | 4 5 6 7 8 |  8.3
Fighting       | 4 5 6 7 9 10 | 10.0
Evocations     | 5 8 |  8.0
Axes           | 5 8 |  8.8

Action                   |  1- 3 |  4- 6 |  7- 9 | 10-12 | 13-15 || total
-------------------------+-------+-------+-------+-------+-------++-------
Melee: War axe           |    68 |   212 |   171 |       |       ||   451
       Broad axe         |       |       |   134 |       |       ||   134
       Short sword       |       |       |    90 |   412 |       ||   502
       Battleaxe         |       |       |       |   303 |    34 ||   337
Invok: Call Merchant     |       |       |       |     2 |       ||     2
 Abil: Dig               |     2 |    10 |    19 |    29 |     2 ||    62
Evoke: Wand              |       |       |       |     7 |     1 ||     8
  Use: Potion            |       |     1 |     1 |     3 |     1 ||     6
       Scroll            |       |       |     7 |     5 |       ||    12
 Stab: Distracted        |       |       |     2 |     8 |       ||    10
  Eat: Chunk             |       |     9 |     5 |       |       ||    14
       Bread ration      |       |       |     3 |     5 |       ||     8
       Fruit             |       |       |       |     2 |       ||     2
       Meat ration       |       |       |       |     2 |     1 ||     3
       Royal jelly       |       |       |       |     1 |       ||     1
Armor: Scale mail        |    32 |   100 |   157 |   190 |     8 ||   487
Dodge: Dodged            |    19 |    90 |   132 |   186 |    12 ||   439
Block: Shield            |    33 |   141 |   290 |   486 |    30 ||   980
